 Dungeon Crawl Stone Soup version 0.31-a0-986-g5e6e4ef867 (webtiles) character file.

Game seed: 12205478374187231512

1046 Persephone the Skirmisher (level 8, -10/62 (63) HPs)
             Began as a Human Hunter on Nov 9, 2023.
             Killed from afar by Maggie (21 damage)
             ... with a bolt of fire
             ... on level 6 of the Dungeon.
             The game lasted 00:05:20 (4539 turns).

Persephone the Skirmisher (Human Hunter)            Turns: 4539, Time: 00:05:20

HP:   -10/62 (63)   AC:  3    Str: 12    XL:     8   Next: 50%
MP:   8/8           EV: 13    Int: 15    God:
Gold: 317           SH:  0    Dex: 19    Spells: 7/7 levels left

rFire   . . .        v - +1 orcbow (freeze)
rCold   . . .        (shield currently unavailable)
rNeg    + . .        c - +0 leather armour
rPois   .            (no helmet)
rElec   .            (no cloak)
rCorr   .            (no gloves)
SInv    .            (no boots)
Will    .....        e - amulet of the acrobat
Stlth   ++           m - ring of positive energy
HPRegen 0.30/turn    f - +6 ring of intelligence
MPRegen 0.11/turn

%: acrobat
@: mesmerised, lightly drained
A: no striking features
a: no special abilities


You were on level 6 of the Dungeon.
You visited 1 branch of the dungeon, and saw 6 of its levels.

You collected 317 gold pieces.

Inventory:

Hand Weapons
 v - a +1 orcbow of freezing (weapon)
Armour
 c - a +0 leather armour (worn)
Jewellery
 d - a ring of see invisible
 e - an amulet of the acrobat (around neck)
 f - a +6 ring of intelligence (right hand)
 m - a ring of positive energy (left hand)
Wands
 i - a wand of charming (9)
 j - a wand of light (9)
 s - a wand of mindburst (3)
 u - a wand of roots (5)
Scrolls
 b - a scroll of butterflies
 g - a scroll of teleportation
 p - a scroll of amnesia {unknown}
 w - 2 scrolls of enchant armour {unknown}
Potions
 a - 2 potions of heal wounds {unknown}
 h - 2 potions of cancellation
 k - 2 potions of degeneration {unknown}
 l - a potion of brilliance {unknown}
 n - 5 potions of haste
 o - 4 potions of curing
 q - a potion of lignification {unknown}
 r - 3 potions of attraction {unknown}
 t - a potion of ambrosia {unknown}


   Skills:
 + Level 5.5 Fighting
 * Level 8.5 Ranged Weapons
 * Level 3.0 Dodging
 - Level 1.0 Stealth


You had 7 spell levels left.
You didn't know any spells.
Your spell library contained the following spells:

 Spells                   Type           Power      Damage    Failure   Level
 Slow                     Hex            0%         N/A       34%         1
 Confusing Touch          Hex            0%         N/A       71%         3
 Sigil of Binding         Hex            0%         N/A       71%         3
 Vampiric Draining        Necr           0%         2d6       71%         3


Dungeon Overview and Level Annotations

Branches:
Dungeon (6/15)
 Temple: D:4-7

Altars:

Annotations:
D:4 3 runed translucent doors, Zonian's ghost, amateur DENe
D:6 Jeremiah; Maggie


Message History

Press: ? - help, Shift-Dir - straight line, f/p - Jeremiah
Aim: Jeremiah, wielding a +4 trident of draining, wearing a +0 robe and wearing an orb of energy (moderately wounded, 56% to hit)
You shoot an arrow. The arrow hits the butterfly.
The arrow freezes the butterfly.
You kill the butterfly!
The butterfly disappears in a burst of colours!
Maggie gestures wildly while chanting.
Maggie attempts to bespell you!
You are mesmerised by Maggie!
Fire: v) +1 orcbow (freeze)
Press: ? - help, Shift-Dir - straight line, f/p - Jeremiah
Aim: Jeremiah, wielding a +4 trident of draining, wearing a +0 robe and wearing an orb of energy (moderately wounded, 56% to hit)
You shoot an arrow. The arrow barely misses the butterfly.
The arrow misses the butterfly.
The arrow barely misses Jeremiah.
Fire: v) +1 orcbow (freeze)
Press: ? - help, Shift-Dir - straight line, f/p - Jeremiah
Aim: Jeremiah, wielding a +4 trident of draining, wearing a +0 robe and wearing an orb of energy (moderately wounded, 56% to hit)
You shoot an arrow.
The arrow completely misses the butterfly.
The arrow hits the butterfly!
The arrow freezes the butterfly.
You kill the butterfly!
The butterfly disappears in a burst of colours!
Maggie says, "Leave now, and tell all of Margery's mercy!"
Jeremiah hops!
Fire: v) +1 orcbow (freeze)
Press: ? - help, Shift-Dir - straight line, f/p - Jeremiah
Aim: Jeremiah, wielding a +4 trident of draining, wearing a +0 robe and wearing an orb of energy (moderately wounded, 56% to hit)
You shoot an arrow. The arrow closely misses Jeremiah.
Maggie mumbles the words to a spell, but in the wrong order.
Jeremiah hits you with a +4 trident of draining!
You partially resist.
You feel drained.
Jeremiah mumbles a slurred invocation.
Something smites you!
* * * LOW HITPOINT WARNING * * *
Maggie casts a spell at you.
The bolt of fire hits the butterfly!!
The butterfly dies!
The butterfly disappears in a burst of colours!
The bolt of fire hits you!!
You die...

#. #..
#..##########
###...b.b.......
...F..@b........#
#.# #.# #.# #.#
#.# #.########
#.#####@#
#.........
#...bbFb#
#.#.######
#######b#
#.........
#.#######.#.......
#.........########
###########


You could see Maggie (mesmerising) and Jeremiah.

Vanquished Creatures
  A wyvern (D:5)
  Edmund (D:6)
  2 ogres (D:5)
  2 phantoms (D:4)
  2 scorpions (D:4)
  A howler monkey (D:5)
  A hound (D:5)
  A jelly (D:5)
  An orc priest (D:5)
  Ijyb (D:4)
  3 gnolls (D:4)
  5 adders
  A white imp (D:5)
  2 ufetubi (D:6)
  2 worms
  A dart slug (D:2)
  10 orcs
  6 ball pythons
  4 bats
  5 endoplasms
  3 giant cockroaches
  5 goblins
  3 hobgoblins
  14 jackals
  2 quokkas
  4 frilled lizards
  7 kobolds
  4 rats
94 creatures vanquished.

Notes
Turn   | Place    | Note
-------+----------+-------------------------------------------
     0 | D:1      | Persephone the Human Hunter began the quest for the Orb.
     0 | D:1      | Reached XP level 1. HP: 16/16 MP: 1/1
    90 | D:1      | Reached XP level 2. HP: 22/22 MP: 2/2
   302 | D:1      | Found a faded altar of an unknown god.
   375 | D:1      | Reached XP level 3. HP: 28/28 MP: 3/3
  1373 | D:3      | Reached skill level 5 in Ranged Weapons
  1373 | D:3      | Reached XP level 4. HP: 21/34 MP: 4/4
  2613 | D:4      | Noticed a scorpion
  2619 | D:4      | Killed a scorpion
  2620 | D:4      | Reached XP level 5. HP: 36/41 MP: 5/5
  2799 | D:4      | Noticed a phantom
  2807 | D:4      | Noticed Ijyb
  2959 | D:4      | Reached skill level 6 in Ranged Weapons
  2959 | D:4      | Reached XP level 6. HP: 38/47 MP: 6/6
  3015 | D:4      | Found a runed translucent gate.
  3017 | D:4      | Found a runed translucent gate.
  3018 | D:4      | Found a runed translucent gate.
  3077 | D:4      | Killed Ijyb
  3399 | D:4      | Reached XP level 7. HP: 54/54 MP: 7/7
  3411 | D:4      | Reached skill level 7 in Ranged Weapons
  3543 | D:4      | Noticed Zonian's ghost (amateur DENe)
  3634 | D:5      | Entered Level 5 of the Dungeon
  3881 | D:5      | Noticed a wyvern
  3885 | D:5      | Killed a wyvern
  3886 | D:5      | Reached skill level 5 in Fighting
  3886 | D:5      | Reached XP level 8. HP: 62/62 MP: 8/8
  3912 | D:5      | Reached skill level 8 in Ranged Weapons
  4302 | D:6      | Noticed Edmund
  4314 | D:6      | Killed Edmund
  4521 | D:6      | Noticed Maggie
  4521 | D:6      | Noticed Jeremiah
  4539 | D:6      | Killed from afar by Maggie

Illustrated notes

Levels and vault maps discovered:
D:1:      lemuel_arrival_river_ford, layout_basic,
          chequers_ecumenical_altar_grove
D:2:      layout_basic
D:3:      layout_basic, dk_vineyard_1
D:4:      layout_gridville, gammafunk_ghost_split, serial_bayou,
          serial_bayou_pond_d, serial_bayou_pond_e, serial_bayou_crossing,
          serial_bayou_pond_a, dreamdust_princess_bridge, uniq_ijyb
D:5:      layout_cave_pools, nicolae_titane
D:6:      layout_loops_ring, minmay_temple_entry_water_ring, uniq_edmund,
          uniq_jeremiah, uniq_maggie

Skill      XL: |  1  2  3  4  5  6  7  8 |
---------------+-------------------------+-----
Ranged Weapons | 5 6 7 8 |  8.5
Fighting       | 3 4 5 |  5.5
Dodging        | 3 |  3.0
Stealth        | |  1.0

Action                     |  1- 3 |  4- 6 |  7- 9 || total
---------------------------+-------+-------+-------++-------
   Fire: Shortbow          |   110 |    52 |       ||   162
         Orcbow            |       |    82 |   100 ||   182
    Use: Scroll            |       |     9 |     1 ||    10
 Armour: Leather armour    |    33 |    57 |    32 ||   122
  Dodge: Dodged            |    33 |    55 |    25 ||   113

Table legend: (Time is in decaauts)
 A = Elapsed time spent in this place.
 B = Non-inter-level travel time spent in this place.
 C = Inter-level travel time spent in this place.
 D = Time resting spent in this place.
 E = Time spent auto-exploring this place.
 F = Levels seen in this place.
 G = Mean time per level.
                   A        B        C        D        E       F      G
               +--------+--------+--------+--------+--------+-----+--------+
         Total |   4621 |   4475 |    146 |      0 |   3853 |   6 |  770.2 |
       Dungeon |   4621 |   4475 |    146 |      0 |   3853 |   6 |  770.2 |
               +--------+--------+--------+--------+--------+-----+--------+

Top non-repeatable levels by time:
     D:3: 1267 daAuts
     D:4: 1082 daAuts
     D:1: 739 daAuts
     D:5: 657 daAuts
     D:2: 614 daAuts
     D:6: 260 daAuts
